 Dungeon Crawl Stone Soup version 0.26-a0-264-g3a471323bd (webtiles) character file.

Game seed: 6700995401724728413

46 BritishOli the Skirmisher (level 3, -3/29 HPs)
             Began as a Demonspawn Fighter on July 11, 2020.
             Killed from afar by an orc wizard (9 damage)
             ... with a puff of frost
             ... on level 2 of the Dungeon.
             The game lasted 00:00:47 (1284 turns).

BritishOli the Skirmisher (Demonspawn Fighter)      Turns: 1284, Time: 00:00:48

Health: -3/29      AC:  8    Str: 17    XL:     3   Next: 44%
Magic:  3/3        EV:  7    Int:  9    God:
Gold:   132        SH:  9    Dex: 12    Spells: 2/2 levels left

rFire    . . .     SeeInvis .   a - +0 long sword
rCold    . . .     Faith    .   c - +0 kite shield
rNeg     . . .     Spirit   .   b - +0 scale mail
rPois    .         Reflect  .   (no helmet)
rElec    .         Harm     .   (no cloak)
rCorr    .                      (no gloves)
MR       .....                  (no boots)
Stlth    +.........             (no amulet)
HPRegen  0.09/turn              i - ring of stealth
MPRegen  0.08/turn              (no ring)

@: no status effects
A: molten scales 1
a: no special abilities


You were on level 2 of the Dungeon.
You were not hungry.

You visited 1 branch of the dungeon, and saw 2 of its levels.

You collected 132 gold pieces.

Inventory:

Hand Weapons
 a - a +0 long sword (weapon)
Armour
 b - a +0 scale mail (worn)
 c - a +0 kite shield (worn)
Jewellery
 i - a ring of stealth (left hand)
Scrolls
 e - a scroll of fog {unknown}
 k - 2 scrolls of identify {unknown}
 l - 3 scrolls of teleportation {unknown}
 o - a scroll of random uselessness {unknown}
Potions
 d - a potion of might
 g - a potion of curing {unknown}
 h - 2 potions of lignification {unknown}
 j - 2 potions of haste {unknown}
 m - a potion of stabbing {unknown}
 n - a potion of ambrosia {unknown}
Comestibles
 f - 5 rations


   Skills:
 + Level 3.2 Fighting
 * Level 2.4 Long Blades
 * Level 3.2 Armour
 + Level 3.0 Shields


You had 2 spell levels left.
You didn't know any spells.
Your spell library was empty.

Dungeon Overview and Level Annotations

Branches:
Dungeon (2/15)

Altars:
Xom


Innate Abilities, Weirdness & Mutations

You are partially covered in molten scales. (AC +2)


Message History

The orc wizard is heavily wounded.
The orc wizard hits you but does no damage.
The orc hits you but does no damage.
The orc wizard casts a spell.
The orc wizard seems to speed up.
Your shield and scale mail prevent you from hitting the orc wizard.
The orc wizard is heavily wounded.
The orc hits you.
The orc wizard hits you but does no damage.
The orc hits you.
The orc wizard hits you with a +1 dagger of holy wrath.
You convulse.
* * * LOW HITPOINT WARNING * * *
The orc hits you.
* * * LOW HITPOINT WARNING * * *
You block the orc wizard's attack.
Unknown command.
The orc wizard points at you and mumbles some strange words.
The puff of frost hits you!
You die...

# #.# #.. #.# #.. #.# #.. #.# ###
#.### ### #####...######### #..
#.......<.......###.#
#.#####.#####.......#
#.o.@......##.......#
#############.o####.##.###.####..
....[.........(# #....# #.# ###
##############.# ###..###.###
############ #.# #........#
†..........# #.# ##.###.#.##
##########.###.#######.###....#
#................#...###
#####............#......


You could see an orc wizard (fast) and an orc.

Vanquished Creatures
  An adder (D:2)
  An ooze (D:1)
  5 giant cockroaches
  5 goblins
  7 hobgoblins
  A quokka (D:2)
  3 bats
  2 frilled lizards
  2 kobolds (D:1)
  5 rats
32 creatures vanquished.

Notes
Turn   | Place    | Note
-------+----------+-------------------------------------------
     0 | D:1      | BritishOli the Demonspawn Fighter began the quest for the
                  | Orb.
     0 | D:1      | Reached XP level 1. HP: 18/18 MP: 1/1
   334 | D:1      | Gained mutation: You are partially covered in molten
                  | scales. (AC +2) [demonic ancestry]
   334 | D:1      | Reached XP level 2. HP: 16/24 MP: 2/2
   830 | D:2      | Reached XP level 3. HP: 27/29 MP: 3/3
   958 | D:2      | Found a shimmering altar of Xom.
  1284 | D:2      | Killed from afar by an orc wizard

Illustrated notes

Levels and vault maps discovered:
D:1:      scummos_arrival_hexagon, layout_rooms, serial_corexii_hall,
          corexii_hall_statues_t, corexii_hall_statues_l,
          chequers_serial_rivers_micro_e
D:2:      layout_loops_ring, xom_teletrap_fun

Skill      XL: |  1  2  3 |
---------------+----------+-----
Long Blades    | 2 |  2.4
Armour         | 3 |  3.2
Shields        | 3 |  3.0
Fighting       | |  3.2

Action                   || total
-------------------------++-------
Melee: Long sword        ||    98
  Eat: Ration            ||     1
Armor: Scale mail        ||    58
Dodge: Dodged            ||    22
Block: Kite shield       ||    41
       Rpst.: Long sword ||    10

Table legend:
 A = Non-vault XP
 B = Vault XP
 C = Vault XP percentage of total XP
 D = Non-vault monster count
 E = Vault monster count
 F = Vault count percentage of total count
                 A         B        C        D         E       F
            +---------+---------+-------+---------+---------+-------
      Total |      66 |       0 |   0.0 |      32 |       0 |   0.0
            +---------+---------+-------+---------+---------+-------
        D:1 |      34 |       0 |   0.0 |      18 |       0 |   0.0
        D:2 |      32 |       0 |   0.0 |      14 |       0 |   0.0
            +---------+---------+-------+---------+---------+-------
